 Dungeon Crawl Stone Soup version 0.28.0 (webtiles) character file.

Game seed: 14117914475723439105

12751 oldriver the Fighter (level 11, -4/150 (153) HPs)
             Began as a Palentonga Fighter on Feb 4, 2022.
             Was a Priest of Okawaru.
             Slain by a spectral centaur warrior (9 damage)
             ... in a Gauntlet.
             The game lasted 00:25:37 (16464 turns).

oldriver the Fighter (Palentonga Fighter)          Turns: 16464, Time: 00:25:37

HP:   -4/150 (153)  AC: 26    Str: 30    XL:     11   Next: 66%
MP:   11/11         EV:  9    Int: 12    God:    Okawaru [***...]
Gold: 442           SH: 14    Dex:  9    Spells: 10/10 levels left

rFire   x . .      SeeInvis +   I - +7 Spriggan's Knife {stab, EV+4 Stlth+}
rCold   . . .      Faith    .   C - +2 tower shield "Hauracwu" {rN+ Str+6}
rNeg    + + .      Spirit   .   F - +0 acid dragon scales
rPois   .          Reflect  .   J - +0 helmet
rElec   .          Harm     .   (no cloak)
rCorr   +          Rampage  .   z - +2 pair of gloves
Will    .....      NoTele   +   s - +4 barding "Jiript" {Fly rF- Regen+ Int+3}
Stlth   ..........              n - amulet of magic regeneration
HPRegen 1.15/turn               d - ring of positive energy
MPRegen 0.52/turn               A - ring of flight

@: berserking, lethally poisoned (-4 -> -32), flying, slowed, lightly drained,
curled up
A: large, rugged brown scales 3, see invisible, deformed body, roll 1, armoured
tail, reflexive curl
a: Rolling Charge, Renounce Religion, Heroism


You were in a Gauntlet.
You worshipped Okawaru.
Okawaru was most pleased with you.
You visited 2 branches of the dungeon, and saw 12 of its levels.
You also visited: Bailey and Gauntlet.

You collected 654 gold pieces.
You spent 212 gold pieces at shops.

Inventory:

Hand Weapons
 a - a +0 long sword
 t - a +0 whip of flaming
 I - the +7 Spriggan's Knife (weapon) {stab, EV+4 Stlth+}
   (You took it off a gnoll shaman in a bailey)

   It is more effective when stabbing unaware enemies, treating them as though
   they were completely helpless.
   EV:        It affects your evasion (+4).
   Stlth:     It makes you more stealthy.
Missiles
 f - 2 throwing nets
 l - 175 stones
 p - 7 poisoned darts
Armour
 s - the +4 barding "Jiript" (worn) {Fly rF- Regen+ Int+3}
   (You acquired it on level 9 of the Dungeon)

   Int:       It affects your intelligence (+3).
   rF:        It makes you vulnerable to fire.
   Fly:       It grants you flight.
   Regen:     It increases your rate of health regeneration.
 z - a +2 pair of gloves (worn)
 C - the +2 tower shield "Hauracwu" (worn) {rN+ Str+6}
   (You found it on level 7 of the Dungeon)

   Str:       It affects your strength (+6).
   rN:        It protects you from negative energy.
 F - +0 acid dragon scales (worn)
 J - a +0 helmet (worn)
Jewellery
 d - a ring of positive energy (left hand)
 n - an amulet of magic regeneration (around neck)
 A - a ring of flight (right hand)
Wands
 K - a wand of flame (4)
 N - a wand of digging (4)
Scrolls
 b - 2 scrolls of magic mapping
 e - 3 scrolls of immolation
 h - 5 scrolls of teleportation
 j - a scroll of fog
 m - 2 scrolls of vulnerability
 q - a scroll of holy word
 r - a scroll of enchant armour
 y - a scroll of identify
Potions
 c - 2 potions of degeneration
 g - 2 potions of ambrosia
 i - a potion of invisibility
 k - 4 potions of heal wounds
 u - a potion of magic
 v - a potion of experience {unknown}
 w - a potion of cancellation {unknown}
 x - a potion of mutation {unknown}
 B - a potion of flight {unknown}
 D - a potion of haste {unknown}
 L - a potion of brilliance {unknown}
 P - 2 potions of might
Miscellaneous
 G - a piece from Xom's chessboard (15/15)
 H - a tin of tremorstones (inert)
 M - a piece from Xom's chessboard (15/15)
 O - a condenser vane


   Skills:
 + Level 12.5 Fighting
 - Level 3.7(8.0) Short Blades
 - Level 10.9(11.2) Long Blades
 - Level 3.0 Throwing
 - Level 3.0 Armour
 - Level 3.0 Dodging
 + Level 2.7 Stealth
 - Level 5.0 Shields


You had 10 spell levels left.
You didn't know any spells.
Your spell library contained the following spells:

 Spells                   Type           Power      Damage    Failure   Level
 Pain                     Necr           0%         1d4       94%         1
 Slow                     Hex            0%         N/A       94%         1
 Ensorcelled Hibernation  Hex/Ice        0%         N/A       98%         2
 Passwall                 Tmut/Erth      0%         N/A       98%         2
 Confusing Touch          Hex            0%         N/A       100%        3
 Swiftness                Air            0%         N/A       100%        3
 Vampiric Draining        Necr           0%         2d6       100%        3
 Anguish                  Hex/Necr       0%         N/A       100%        4
 Enfeeble                 Hex            0%         N/A       100%        7
 Animate Skeleton         Necr           Unusable   N/A       N/A         1
 Tukima's Dance           Hex            Unusable   N/A       N/A         3

Dungeon Overview and Level Annotations

Branches:
Dungeon (11/15)            Temple (1/1) D:6            Lair (0/6) D:9
    Orc (0/2) D:9          Bailey (visited)         Gauntlet (1/1)

Altars:
Ashenzari
Cheibriados
Dithmenos
Elyvilon
Fedhas
Gozag
Hepliaklqana
Kikubaaqudgha
Makhleb
Nemelex Xobeh
Okawaru
Qazlal
Ru
Sif Muna
Trog
Uskayaw
Vehumet
Wu Jian
Xom
Yredelemnul
Zin
The Shining One

Shops:
D:4 :   D:6 [

Annotations:
D:3 1 runed translucent door, oldriver's ghost, amateur PaFi Gauntlet 9 transporters


Innate Abilities, Weirdness & Mutations

You are completely covered in rugged brown scales. (AC +3, +7% HP)
You have supernaturally acute eyesight. (SInv)
Armour fits poorly on your strangely shaped body.
You can roll at nearby foes to attack.
You have a long armoured tail.
You curl defensively after being hit. (AC +7*)


Message History

* * * LOW HITPOINT WARNING * * *
The centaur warrior zombie kicks you but does no damage.
You block the death drake's attack.
You puncture the death drake! You tail-slap the death drake!
The death drake is severely wounded.
The centaur warrior zombie barely misses you. x2
You block the spectral centaur warrior's attack. x2
The death drake bites you but does no damage.
You hit the death drake.
Your tail-slap misses the death drake.
The death drake is severely wounded.
The spectral centaur warrior hits you but does no damage.
The spectral centaur warrior closely misses you.
You block the centaur warrior zombie's attack.
The centaur warrior zombie barely misses you.
You block the death drake's attack.
You hit the death drake.
The death drake is severely wounded.
The spectral centaur warrior hits you!
* * * LOW HITPOINT WARNING * * *
You partially resist.
You feel drained.
The spectral centaur warrior barely misses you.
You block the centaur warrior zombie's attack.
The centaur warrior zombie kicks you but does no damage.
The death drake breathes miasma at you. The foul vapour engulfs you.
You are poisoned.
* * * LOW HITPOINT WARNING * * *
The spectral centaur warrior hits you but does no damage.
The spectral centaur warrior kicks you.
* * * LOW HITPOINT WARNING * * *
You partially resist.
You puncture the death drake!
The death drake is almost dead.
You are engulfed in dark miasma.
You are lethally poisoned!
* * * LOW HITPOINT WARNING * * *
x2 You feel extremely sick.
You block the centaur warrior zombie's attack. x2
You block the death drake's attack. The spectral centaur warrior hits you!
You die...

#..#....©....#...#!"#.©.#.
###..###########...#########
#8#.....#.©.#....≈....#.©.#.
###...8.#...#...≈8≈...#...#.
#.....#.©.#....≈....#.©.#.
###..###########...#########
#8#..#.....Z○○.#...#bb.b....
###..#...###k○○#...#b#.....#
#..#....#@Z○.#...#h##...##
###..#.#..#○Z#.#...#hh##^##.
#8#..#.#######.#...#....©...
###..#.#..#..#.#...#.^#####^
#..#....#....#...#.##...##
###..#Z..#.#...#...#.#....^#
#8#..#k.!.©=$..#...#..:.©?=.
###..###########...#########
#.....#.©.#....§....#.©.#.


You could see a death drake (catching breath), a spectral redback, a spectral
centaur warrior and a centaur warrior zombie.

Vanquished Creatures
  3 two-headed ogres
  Pikel (D:6)
  A cyclops (D:10)
  A manticore (D:8)
  A centaur zombie (D:10)
  Maggie (D:6)
  A kobold demonologist (D:9)
  A troll (D:10)
  2 basilisks (D:9)
  A wraith (D:5)
  3 small abominations (Gauntlet)
  3 wyverns
  13 yaks
  Grum (D:8)
  Eustachio (D:6)
  Menkaure (D:5)
  An acid dragon (D:8)
  2 water moccasins
  A sky beast (D:7)
  A hornet zombie (D:7)
  2 ice beasts
  6 orc warriors
  A necrophage (D:8)
  9 wolves
  5 ogres
  5 centaurs
  2 lemures (D:6)
  A kobold brigand (D:8)
  A wyvern zombie (D:6)
  7 gnoll sergeants (Bailey)
  2 bullfrogs (D:7)
  A scorpion (D:5)
  A water moccasin skeleton (D:5)
  5 wights (D:9)
  2 howler monkeys (D:4)
  4 jellies
  6 gnoll shamans (Bailey)
  3 hounds
  4 iguanas
  9 orc priests
  A bullfrog skeleton (D:5)
  Jessica (D:3)
  15 orc wizards
  A hound skeleton (D:4)
  A mummy (D:7)
  2 howler monkey zombies
  10 gnolls
  3 adders
  2 worms (D:2)
  2 dart slugs
  38 orcs
  3 endoplasms (D:2)
  4 giant cockroaches
  4 goblins
  15 hobgoblins
  3 jackals (D:5)
  5 quokkas
  6 ball pythons
  3 bats (D:2)
  5 frilled lizards
  8 kobolds
  2 rats
250 creatures vanquished.

Vanquished Creatures (others)
  A demonic plant (Gauntlet)
  4 plants (D:5)
  13 withered plants (Gauntlet)
18 creatures vanquished.

Grand Total: 268 creatures vanquished

Notes
Turn   | Place    | Note
-------+----------+-------------------------------------------
     0 | D:1      | oldriver the Palentonga Fighter began the quest for the
                  | Orb.
     0 | D:1      | Reached XP level 1. HP: 19/19 MP: 1/1
   411 | D:1      | Found a faded altar of an unknown god.
   511 | D:1      | Reached XP level 2. HP: 25/25 MP: 2/2
  1297 | D:2      | Reached XP level 3. HP: 31/31 MP: 3/3
  1984 | D:3      | Reached skill level 4 in Fighting
  2161 | D:3      | Reached XP level 4. HP: 15/39 MP: 4/4
  2404 | D:3      | Reached XP level 5. HP: 36/46 MP: 5/5
  2703 | D:3      | Found a runed translucent door.
  2703 | D:3      | Noticed oldriver's ghost (amateur PaFi)
  2874 | D:3      | Noticed Jessica
  2879 | D:3      | Killed Jessica
  3054 | D:3      | Reached skill level 5 in Fighting
  3349 | D:4      | Reached XP level 6. HP: 54/54 MP: 6/6
  3465 | D:4      | Reached skill level 5 in Long Blades
  3843 | D:4      | Found Hasufiuj's Book Boutique.
  4270 | D:4      | Reached skill level 6 in Fighting
  4270 | D:4      | Gained mutation: You curl defensively after being hit. (AC
                  | +7*) [Palentonga growth]
  4270 | D:4      | Reached XP level 7. HP: 62/62 MP: 7/7
  4475 | D:4      | Found a white marble altar of Elyvilon.
  4475 | D:4      | Found a shadowy altar of Dithmenos.
  4475 | D:4      | Found a basalt altar of Yredelemnul.
  4723 | D:5      | Entered Level 5 of the Dungeon
  5280 | D:5      | Noticed Menkaure
  5424 | D:5      | Killed Menkaure
  5425 | D:5      | Reached skill level 7 in Fighting
  5425 | D:5      | Reached XP level 8. HP: 57/71 MP: 8/8
  5662 | D:5      | Found a radiant altar of Vehumet.
  6533 | D:5      | Reached skill level 8 in Fighting
  6673 | D:6      | Found a staircase to the Ecumenical Temple.
  6753 | Temple   | Entered the Ecumenical Temple
  7296 | D:6      | Noticed Pikel
  7323 | D:6      | Killed Pikel
  7324 | D:6      | Reached XP level 9. HP: 28/80 MP: 9/9
  7582 | D:6      | Noticed Eustachio
  7640 | D:6      | Killed Eustachio
  7641 | D:6      | Reached skill level 9 in Fighting
  7840 | D:6      | Found Qol Amiti's Antique Armour Boutique.
  7848 | D:6      | Bought an embroidered robe for 70 gold pieces
  7848 | D:6      | Bought a pair of embroidered gloves for 142 gold pieces
  7880 | D:6      | Noticed Maggie
  7900 | D:6      | Killed Maggie
  8970 | D:7      | Identified the +2 tower shield "Hauracwu" {rN+ Str+6}
  8981 | D:7      | Reached skill level 10 in Fighting
  9479 | D:7      | Found a snail-covered altar of Cheibriados.
  9719 | D:8      | Reached skill level 1 in Dodging
  9933 | D:8      | Reached skill level 10 in Long Blades
 10045 | D:8      | Noticed Grum
 10053 | D:8      | Killed Grum
 10057 | D:8      | Reached skill level 1 in Throwing
 10057 | D:8      | Reached XP level 10. HP: 88/92 MP: 10/10
 10777 | D:8      | Noticed a manticore
 10791 | D:8      | Killed a manticore
 11173 | D:8      | Noticed a seven-headed hydra
 11492 | D:9      | Found a flagged portal.
 11575 | Bailey   | Entered a bailey
 12393 | Bailey   | Reached skill level 11 in Fighting
 13324 | D:9      | Found a staircase to the Lair.
 13372 | D:9      | Reached skill level 1 in Short Blades
 13916 | D:9      | Identified a scroll of acquirement
 13916 | D:9      | Acquired the +4 barding "Jiript" {Fly rF- Regen+ Int+3}
 13969 | D:9      | Found an iron altar of Okawaru.
 13992 | D:9      | Became a worshipper of Warmaster Okawaru
 14104 | D:9      | Reached XP level 11. HP: 92/99 MP: 11/11
 14288 | D:9      | Found a staircase to the Orcish Mines.
 14652 | D:10     | Entered Level 10 of the Dungeon
 14738 | D:10     | Reached * piety under Okawaru
 14834 | D:10     | Noticed a two-headed ogre
 14848 | D:10     | Killed a two-headed ogre
 15074 | D:10     | Reached ** piety under Okawaru
 15330 | D:10     | Reached skill level 12 in Fighting
 15340 | D:10     | Reached skill level 1 in Stealth
 15340 | D:10     | Reached skill level 5 in Shields
 15455 | D:10     | Noticed a two-headed ogre
 15487 | D:10     | Killed a two-headed ogre
 16057 | D:11     | Noticed a two-headed ogre
 16093 | D:11     | Noticed a two-headed ogre
 16108 | D:11     | Killed a two-headed ogre
 16131 | D:11     | Found a gate leading to a gauntlet.
 16136 | Gauntlet | Entered a Gauntlet
 16136 | Gauntlet | Found a transporter.
 16136 | Gauntlet | Found a transporter.
 16139 | Gauntlet | Found a transporter.
 16140 | Gauntlet | Found a transporter.
 16144 | Gauntlet | Noticed a hell hog
 16154 | Gauntlet | Found a transporter.
 16156 | Gauntlet | Found a transporter.
 16164 | Gauntlet | Found a transporter.
 16253 | Gauntlet | Found a transporter.
 16257 | Gauntlet | Found a transporter.
 16265 | Gauntlet | Noticed a death drake
 16267 | Gauntlet | Found a transporter.
 16271 | Gauntlet | Found a transporter.
 16281 | Gauntlet | Found a transporter.
 16392 | Gauntlet | Reached *** piety under Okawaru
 16464 | Gauntlet | HP: 5/150 [poisoned by a death drake (dark miasma)]
 16464 | Gauntlet | Slain by a spectral centaur warrior

Illustrated notes

Levels and vault maps discovered:
D:1:      sevenhm_arrival_forest_fort_small_5, layout_basic,
          ebering_ecumenical_altar_rust, chequers_serial_rivers_micro_b,
          minmay_tree_intersection
D:2:      minmay_diamond_boxcup, layout_basic, fountainhead
D:3:      minmay_skewed_foursquare, layout_basic,
          hellmonk_ghost_happy_afterlife, chequers_avenue, uniq_jessica
D:4:      layout_loops_cross, gammafunk_temple_overflow_claw, serial_shops,
          nicolae_square_shop
D:5:      layout_rooms, mainiacjoe_overflow_24_doors, serial_bayou_ford_a,
          uniq_menkaure
D:6:      layout_loops_corners, minmay_temple_entry_butterflies, serial_shops,
          shop, uniq_eustachio, uniq_pikel, uniq_maggie
D:7:      layout_cave_pools, slow_altar_1, grunt_ministairs_12
D:8:      layout_rooms, minmay_misc_feat_chi, nzn_random_ring, uniq_grum
D:9:      layout_basic, okawaru_altar_gauntlet_db, david_lair_generic,
          david_orc_4, enter_bailey_2
D:10:     layout_stronghold
D:11:     layout_rooms, gauntlet_entry_generic
Temple:   kb_temple_of_zot
Gauntlet: gammafunk_gauntlet_hard_choice [gammafunk_gauntlet_arena_arrow_garden,
          gammafunk_gauntlet_arena_split_diamond,
          gammafunk_gauntlet_arena_split_x, nicolae_gauntlet_arena_t_cross,
          nicolae_gauntlet_arena_x, gammafunk_gauntlet_arena_mazey,
          nicolae_gauntlet_exit_dead_adventurers]

Skill      XL: |  1  2  3  4  5  6  7  8  9 10 11 |
---------------+----------------------------------+-----
Long Blades    | 3 4 5 6 8 10 | 10.9
Fighting       | 4 5 6 7 8 10 11 12 | 12.5
Dodging        | 1 3 |  3.0
Armour         | 3 |  3.0
Shields        | 3 5 |  5.0
Throwing       | 1 3 |  3.0
Short Blades   | 2 3 |  3.7
Stealth        | 2 |  2.7

Action                   |  1- 3 |  4- 6 |  7- 9 | 10-12 || total
-------------------------+-------+-------+-------+-------++-------
Melee: Long sword        |   123 |    84 |   295 |   162 ||   664
       Tailslap          |     7 |    12 |    51 |    95 ||   165
       Knife             |       |       |       |   333 ||   333
Throw: Dart              |       |    10 |    18 |    21 ||    49
       Stone             |       |     2 |     1 |       ||     3
       Throwing net      |       |     2 |       |       ||     2
Invok: Heroism           |       |       |       |     1 ||     1
 Abil: Rolling Charge    |    20 |    27 |    42 |    46 ||   135
Evoke: Tin of tremorston |       |       |       |     2 ||     2
       Piece from Xom's  |       |       |       |     1 ||     1
  Use: Potion            |       |       |     3 |     2 ||     5
       Scroll            |       |       |       |    16 ||    16
Armor: Scale mail        |    59 |    18 |    43 |       ||   120
       Robe              |       |       |    31 |       ||    31
       Acid dragon scale |       |       |     1 |   131 ||   132
Dodge: Dodged            |    31 |    21 |    83 |   115 ||   250
Block: Buckler           |    19 |     8 |    41 |       ||    68
       Tower shield      |       |       |    38 |   322 ||   360
